Map: King's Cove LE

Players

Smeeeger - Winner!

  • Race: Zerg Zerg
  • League: Platinum
  • Spawn Location: 5:00

Ray

  • Race: Zerg Zerg
  • League: Platinum
  • Spawn Location: 11:00

VOD

Have the link to the VOD?

Description

Time

  • Played on: July 7, 2019, 1:18 p.m.
  • Length: 12:30
Show
View Real Time Build Order
Export as new Build Order

Smeeeger Zerg - Winner!

Build Orders: Hatch First 

Get SALT Encoding   

  12  0:01  Drone  
  13  0:14  Overlord  
  13  0:20  Drone  
  14  0:33  Drone  
  14  0:34  Drone  
  16  0:45  Drone  
  16  0:47  Drone  
  18  1:01  Extractor  
  18  1:02  Drone  
  18  1:06  Hatchery  
  17  1:16  Spawning Pool  
  16  1:19  Drone  
  16  1:23  Drone  
  18  1:30  Drone  
  19  1:46  Overlord  
  19  2:10  Zergling x4  
  19  2:11  Queen  
  23  2:20  Queen  
  23  2:21  Drone x2  
  27  2:24  Metabolic Boost  
  27  2:31  Drone  
  27  2:32  Drone  
  29  2:42  Drone  
  29  2:43  Drone  
  31  2:45  Overlord  
  31  2:55  Drone  
  31  2:56  Queen  
  34  2:58  Drone  
  34  3:03  Overlord  
  35  3:07  Overlord  
  35  3:26  Drone x3  
  35  3:27  Drone  
  39  3:34  Hatchery  
  39  3:36  Roach Warren, Evolution Chamber  
  39  3:37  Drone x2  
  38  3:41  Drone x2  
  40  3:52  Drone  
  40  3:53  Drone  
  40  3:54  Drone, Extractor  
  40  3:55  Drone, Extractor  
  43  3:56  Drone  
  43  3:57  Drone  
  43  3:58  Drone  
  45  4:04  Drone x3  
  48  4:15  Zergling x6  
  53  4:31  Roach x3  
  53  4:32  Roach  
  59  4:44  Lair  
  59  4:47  Queen  
  59  4:48  Drone x3  
  59  4:49  Drone x2  
  66  4:53  Overlord x2  
  66  5:13  Zerg Missile Weapons Level 1  
  66  5:14  Roach x4  
  69  5:15  Roach x3  
  69  5:18  Drone x2  
  69  5:19  Drone x2  
  82  5:39  Overlord x2  
  82  5:40  Overlord x2  
  82  5:56  Glial Reconstitution  
  80  5:58  Roach x3  
  80  5:59  Roach x4  
  80  6:02  Drone  
  80  6:03  Drone x4  
  98  6:05  Extractor  
  98  6:07  Overlord x2, Extractor  
  96  6:17  Drone x2  
  98  6:19  Roach x5  
  98  6:25  Roach  
  110  6:31  Drone x2, Extractor  
  111  6:44  Hatchery  
  110  6:57  Roach x2  
  110  6:58  Roach x5  
  110  6:59  Roach x3  
  128  7:05  Roach x2  
  124  7:09  Roach  
  118  7:19  Drone x2  
  118  7:25  Hatchery  
  118  7:27  Hatchery  
  112  7:38  Roach x10  
  108  7:52  Roach  
  108  7:53  Roach x4  
  108  7:54  Roach x3  
  116  8:01  Spore Crawler  
  116  8:02  Spore Crawler  
  116  8:04  Spore Crawler, Drone  
  116  8:05  Drone x2  
  110  8:06  Drone x2  
  110  8:07  Drone  
  107  8:15  Roach x3  
  107  8:16  Roach x3  
  119  8:25  Roach x7  
  133  8:31  Drone  
  134  8:38  Ravager x3  
  137  8:47  Hydralisk Den  
  136  8:50  Overlord x3  
  136  9:15  Zerg Missile Weapons Level 2  
  136  9:20  Evolution Chamber  
  136  9:21  Baneling Nest, Evolution Chamber  
  136  9:22  Muscular Augments  
  109  9:46  Hydralisk x12  
  109  9:49  Drone x19  
  150  9:54  Hydralisk  
  150  9:55  Hydralisk  
  150  9:57  Overlord  
  150  9:59  Overseer  
  150  10:01  Pneumatized Carapace  
  136  10:15  Zerg Melee Weapons Level 1  
  130  10:22  Infestation Pit  
  123  10:33  Grooved Spines  
  123  10:35  Drone x3  
  125  10:36  Centrifical Hooks  
  125  10:41  Extractor x2  
  125  10:42  Drone x3  
  118  10:43  Drone x2  
  106  11:07  Lurker Den, Hive  
  106  11:11  Hydralisk x10  
  121  11:24  Hatchery  
  120  11:33  Pathogen Glands  
  120  11:37  Zergling x36  
  120  11:38  Zergling x18  
  133  11:50  Spire  
Show
View Real Time Build Order
Export as new Build Order

Ray Zerg 

Build Orders: Hatch First 

Get SALT Encoding   

  12  0:01  Drone  
  13  0:13  Overlord  
  13  0:18  Drone  
  14  0:32  Drone x2  
  16  0:36  Drone  
  17  0:56  Hatchery  
  16  0:59  Drone  
  17  1:14  Spawning Pool  
  17  1:15  Drone  
  17  1:18  Drone  
  17  1:22  Drone  
  19  1:25  Extractor  
  19  1:29  Drone  
  19  1:43  Overlord  
  19  1:59  Drone  
  19  2:00  Queen  
  22  2:03  Drone  
  22  2:08  Queen  
  23  2:09  Drone  
  26  2:21  Drone x2  
  28  2:25  Metabolic Boost  
  28  2:29  Drone  
  29  2:32  Drone  
  29  2:36  Drone, Queen  
  33  2:45  Queen  
  33  2:47  Drone  
  36  2:53  Overlord  
  36  3:20  Hatchery, Drone  
  36  3:21  Drone x5  
  36  3:23  Drone  
  36  3:26  Drone  
  43  3:29  Drone  
  43  3:32  Overlord  
  44  3:45  Drone x2, Extractor x2  
  44  3:51  Roach Warren  
  43  3:56  Queen  
  43  3:58  Drone x4  
  49  4:09  Evolution Chamber  
  48  4:10  Spine Crawler  
  48  4:12  Drone x4  
  51  4:21  Drone  
  51  4:22  Overlord  
  52  4:33  Lair  
  52  4:35  Drone x4  
  52  4:37  Spore Crawler, Extractor  
  53  4:53  Drone x2  
  53  4:58  Drone x2  
  53  4:59  Drone x7  
  62  5:24  Drone  
  62  5:25  Overlord  
  63  5:29  Spine Crawler  
  63  5:30  Spore Crawler, Queen  
  63  5:37  Overlord x2  
  63  5:39  Glial Reconstitution, Zerg Missile Weapons Level 1  
  63  5:43  Overlord  
  63  5:44  Overlord  
  63  6:01  Drone x5  
  63  6:02  Drone x7  
  75  6:09  Hydralisk Den  
  75  6:10  Infestation Pit, Queen  
  75  6:15  Overlord, Evolution Chamber  
  74  6:29  Extractor  
  74  6:31  Extractor  
  74  6:32  Roach x3  
  82  6:33  Roach x8  
  82  6:35  Roach  
  82  6:37  Overseer x2  
  92  7:06  Roach x5  
  92  7:07  Roach x5  
  106  7:09  Roach  
  94  7:19  Roach x6  
  100  7:25  Roach x2  
  94  7:40  Roach x3  
  94  7:41  Hatchery  
  95  7:47  Zerg Ground Armor Level 1, Zerg Missile Weapons Level 2  
  95  7:50  Lurker Den  
  92  7:53  Roach x2  
  90  8:00  Roach x4  
  92  8:07  Roach  
  92  8:08  Roach  
  96  8:14  Overlord x3  
  96  8:19  Roach x2  
  100  8:26  Overlord x3  
  100  8:39  Drone x2  
  100  8:40  Drone  
  103  8:55  Hatchery, Queen  
  104  8:59  Drone x5  
  104  9:00  Drone x3  
  112  9:08  Spine Crawler  
  112  9:10  Spine Crawler  
  112  9:14  Roach x6  
  122  9:30  Queen  
  124  9:32  Roach  
  124  9:33  Roach x6  
  118  9:43  Roach x2  
  118  9:44  Roach x4  
  110  9:48  Roach  
  110  9:52  Roach x2  
  104  9:55  Roach x3  
  102  10:00  Hydralisk  
  102  10:06  Roach  
  98  10:11  Roach x3  
  98  10:16  Roach  
  92  10:21  Roach  
  92  10:24  Roach  
  88  10:35  Roach  
  82  10:40  Roach x2  
  86  10:45  Hatchery  
  83  10:52  Hydralisk x5  
  92  11:03  Hydralisk  
  92  11:04  Hydralisk  
  77  11:11  Roach  
  77  11:12  Roach x2  
  81  11:19  Lurker x3  
  81  11:24  Roach x2  
  84  11:31  Roach x2  
  77  11:47  Roach x4  
  77  11:49  Hydralisk  
  87  12:16  Hatchery  
Tags
 
Add a new tag
Caveats
  • Supply blocks, unpowered buildings, or Contaminate may cause inaccurate times.
  • Supply counts are checked every 10 seconds.